 Dungeon Sprint DCSS version 0.19.1 (webtiles) character file.

10224 equalderp2856 the Eviscerator (level 11, -24/54 HPs)
             Began as a Felid Fighter on Nov 29, 2016.
             Was the Champion of Trog.
             Shot with a bolt by a naga sharpshooter (40 damage)
             ... in the Dungeon (Sprint IX: "|||||||||||||||||||||||||||||").
             The game lasted 00:13:54 (6538 turns).

equalderp2856 the Eviscerator (Felid Fighter)       Turns: 6538, Time: 00:13:55

Health: -24/54     AC:  3    Str: 14    XL:     11   Next: 33%
Magic:  12/12      EV: 33    Int: 11    God:    Trog [******]
Gold:   1897       SH:  0    Dex: 17    Spells: 0 memorised, 10 levels left
                                        Lives:  0   Deaths: 3

rFire  . . .     SeeInvis +       - Unarmed
rCold  + . .     Gourm    .     (armour unavailable)
rNeg   . . .     Faith    .     (shield unavailable)
rPois  .         Spirit   .     (helmet unavailable)
rElec  .         Reflect  .     (cloak unavailable)
rCorr  .         Harm     .     (gloves unavailable)
MR     +....     NoTele   +     (boots unavailable)
Stlth  +++++++...               (no amulet)
                                (no ring)
                                (no ring)

@: quick
A: no armour, no weapons or thrown items, stealth, claws 1, fangs 3, see
invisible, carnivore 3, speed 1, shaggy fur 3, slow metabolism 1, sharp paws
a: Berserk, Trog's Hand, Brothers in Arms, Burn Spellbooks, Renounce Religion


You were in the Dungeon.
You worshipped Trog.
Trog was exalted by your worship.
You were not hungry.

You visited 1 branch You collected 1932 gold pieces.
You spent 35 gold pieces at shops.

Inventory:

Jewellery
 b - an uncursed ring of protection from fire
 l - a +2 ring of evasion
 m - a +3 ring of intelligence
 q - an uncursed ring of fire
 r - an uncursed ring of poison resistance
 s - an uncursed ring of poison resistance
Wands
 k - a wand of acid (7/15)
Scrolls
 h - 3 scrolls of blinking
 j - 5 scrolls of remove curse
 p - 2 scrolls of fear
 w - a scroll of identify
 x - 2 scrolls of fog
Potions
 a - 2 potions of might
 c - a potion of invisibility
 d - 2 potions of heal wounds
 e - a potion of haste
 f - 4 potions of magic
 g - 5 potions of berserk rage
 i - a potion of curing
 n - a potion of resistance
 o - a potion of cure mutation
 u - a potion of agility
 v - a potion of brilliance
Comestibles
 t - 11 meat rations


   Skills:
 + Level 10.1 Fighting
 + Level 17.6 Dodging
 + Level 18.0 Stealth
 + Level 24.2 Unarmed Combat


You had 10 spell levels left.
You didn't know any spells.

Dungeon Overview and Level Annotations

Branches:
Dungeon (1/1)

Altars:
Cheibriados
Dithmenos
Elyvilon
Fedhas
Gozag
Hepliaklqana
Kikubaaqudgha
Makhleb
Nemelex Xobeh
Okawaru
Qazlal
Ru
Sif Muna
Trog
Uskayaw
Vehumet
Xom
Yredelemnul
Zin
The Shining One
Beogh
Jiyva
Lugonu

Shops:
D *:**

Annotations:
D Eustachio


Innate Abilities, Weirdness & Mutations

You cannot wear armour.
You are incapable of wielding weapons or throwing items.
Your paws allow you to move quietly. (Stealth)
You have sharp claws.
You have razor-sharp teeth.
You have supernaturally acute eyesight. (SInv)
You are carnivorous and can eat meat at any time.
You cover ground quickly.
Your thick and shaggy fur keeps you warm. (AC +3, rC+)
You have a slow metabolism.
Your sharp claws are effective at attacking unaware monsters.


Message History

Things that are here:
a mace of crushing; a glowing scale mail You start resting.
HP restored.
Things that are here:
a mace of crushing; a glowing scale mail The naga sharpshooter shouts!
The naga sharpshooter mumbles some strange words.
The naga sharpshooter magically shoots a bolt.
The bolt hits you!!
A shock serpent comes into view.
You see here 2 bolts.
The naga sharpshooter shoots a bolt.
The bolt hits you!
* * * LOW HITPOINT WARNING * * *
You see here a bolt.
The naga sharpshooter casts a spell.
The naga sharpshooter magically shoots a bolt.
The bolt hits you!!!
Ouch! That really hurt!
You die...

,*,,,*,,,*,,,▓...▓...▓...▓...▓<▓
,*,*,*,*,*,*,▓.▓.▓.▓.▓.▓.▓.▓.▓.▓
,*,*,*,*,*,*,▓.▓.▓.▓.▓.▓.▓.▓.▓(▓
,*,*,*,*,*,*,▓.▓.▓.▓.▓.▓.▓.▓.▓)▓
,*,*,*,*,*,*,▓)▓.▓.▓.▓.▓.▓.▓.▓(▓
,*,*,*,*,*,*,▓.▓S▓.▓.▓.▓.▓.▓.▓(▓
,*,*,*,*,*,*,▓.▓N▓.▓.▓.▓.▓.▓.▓)▓
,*+*,*,*,*,*,▓N▓.▓.▓.▓.▓.▓†▓.▓)▓
,*,*,*,*,*,*,▓.▓@▓.▓.▓.▓.▓.▓.▓)▓
,*,*,*,*,*,*,▓.▓.▓'▓.▓.▓.▓.▓.▓.▓
,*,*,*,*,*,*,▓(▓(▓.▓.▓.▓.▓.▓.▓'▓
,*,*,*,*,*,*,▓)▓(▓.▓)▓.▓.▓.▓.▓.▓
,*,*,*+*,*,*,▓.▓.▓.▓.▓.▓.▓.▓.▓.▓
,*,*,*,*,*,*,▓.▓.▓.▓.▓'▓(▓.▓.▓.▓
,*,*,*,*,*,*,▓.▓.▓.▓.▓)▓.▓)▓.▓.▓
,*,*,*,*,*,*,▓)▓.▓)▓.▓.▓.▓.▓.▓.▓
,*,*,*,*,*,*,▓.▓.▓)▓.▓.▓.▓.▓.▓'▓


You could see a naga sharpshooter and a shock serpent (wandering).

Vanquished Creatures
  Frances (D)
  A nagaraja (D)
  A spark wasp (D)
  An ogre mage (D)
  A hydra (D)
  2 centaur warriors (D)
  9 orc high priests (D)
  A tengu warrior (D)
  A vampire mage (D)
  Sonja (D)
  2 glowing orange brains (D)
  7 orc knights (D)
  A manticore (D)
  2 cyclopes (D)
  A black mamba (shapeshifter) (D)
  A torpor snail (D)
  A spiny frog (D)
  A kobold demonologist (D)
  3 komodo dragons (D)
  2 blink frogs (D)
  2 hippogriffs (D)
  A wyvern (D)
  A yak (D)
  Grum (D)
  2 basilisks (D)
  6 vampire mosquitoes (D)
  4 water moccasins (D)
  10 orc warriors (D)
  A porcupine (D)
  A sky beast (D)
  2 ogres (D)
  2 centaurs (D)
  3 wolves (D)
  3 crocodiles (D)
  2 bullfrogs (D)
  6 orc wizards (D)
  2 orc priests (D)
  An iguana (D)
  2 worker ants (D)
  A shadow imp (D)
  An ooze (D)
  A leopard gecko (D)
  6 orcs (D)
  A giant cockroach (D)
  A goblin (D)
  A hobgoblin (D)
  A kobold (D)
  A ball python zombie (D)
  A frilled lizard (D)
107 creatures vanquished.

Vanquished Creatures (collateral kills)
  A naga warrior (D)
  A naga sharpshooter (D)
  A salamander (D)
  3 black mambas (D)
6 creatures vanquished.

Grand Total: 113 creatures vanquished

Notes
Turn   | Place    | Note
-------+----------+-------------------------------------------
     0 | D        | equalderp2856 the Felid Fighter began the quest for the Orb.
     0 | D        | Reached XP level 1. HP: 10/10 MP: 2/2
    10 | D        | Reached skill level 5 in Unarmed Combat
    11 | D        | Reached XP level 2. HP: 14/14 MP: 3/3
    20 | D        | Noticed a centaur
    26 | D        | Reached skill level 6 in Unarmed Combat
    26 | D        | Reached XP level 3. HP: 6/18 MP: 4/4
   252 | D        | Reached skill level 5 in Dodging
   252 | D        | Reached skill level 1 in Stealth
   252 | D        | Reached skill level 7 in Unarmed Combat
   258 | D        | Killed a centaur
   258 | D        | Reached skill level 5 in Fighting
   258 | D        | Reached skill level 9 in Unarmed Combat
   258 | D        | Reached XP level 4. HP: 7/23 MP: 5/5
   258 | D        | Reached XP level 5. HP: 8/26 MP: 6/6
   561 | D        | Found a roughly hewn altar of Beogh.
   561 | D        | Found a snail-covered altar of Cheibriados.
   561 | D        | Found a shadowy altar of Dithmenos.
   561 | D        | Found a white marble altar of Elyvilon.
   561 | D        | Found a blossoming altar of Fedhas.
   561 | D        | Found an opulent altar of Gozag.
   562 | D        | Found a hazy altar of Hepliaklqana.
   563 | D        | Found a viscous altar of Jiyva.
   564 | D        | Found an ancient bone altar of Kikubaaqudgha.
   565 | D        | Found a corrupted altar of Lugonu.
   566 | D        | Found a burning altar of Makhleb.
   567 | D        | Found a sparkling altar of Nemelex Xobeh.
   568 | D        | Found an iron altar of Okawaru.
   569 | D        | Found a stormy altar of Qazlal.
   570 | D        | Found a sacrificial altar of Ru.
   571 | D        | Found a deep blue altar of Sif Muna.
   572 | D        | Found a bloodstained altar of Trog.
   573 | D        | Found a hide-covered altar of Uskayaw.
   574 | D        | Found a radiant altar of Vehumet.
   575 | D        | Found a shimmering altar of Xom.
   576 | D        | Found a basalt altar of Yredelemnul.
   577 | D        | Found a glowing silver altar of Zin.
   578 | D        | Found a glowing golden altar of the Shining One.
   582 | D        | Became a worshipper of Trog the Wrathful
   606 | D        | Noticed an ogre
   606 | D        | Noticed a sky beast
   606 | D        | Noticed a hippogriff
   606 | D        | Noticed a centaur
   697 | D        | Killed an ogre
   697 | D        | Reached skill level 10 in Unarmed Combat
   701 | D        | Killed a sky beast
   701 | D        | Gained mutation: You are covered in thick fur. (AC +2) [Felid growth]
   701 | D        | Reached XP level 6. HP: 31/31 MP: 7/7
   716 | D        | Killed a hippogriff
   716 | D        | Reached * piety under Trog
   716 | D        | Reached skill level 11 in Unarmed Combat
   753 | D        | Reached skill level 12 in Unarmed Combat
   753 | D        | Reached XP level 7. HP: 6/36 MP: 8/8
   879 | D        | Reached ** piety under Trog
  1041 | D        | Noticed a kobold demonologist
  1041 | D        | Noticed a yak
  1041 | D        | Noticed a manticore
  1051 | D        | Noticed a sun demon
  1052 | D        | Noticed a chaos spawn
  1170 | D        | Killed a kobold demonologist
  1170 | D        | Reached skill level 10 in Dodging
  1170 | D        | Reached skill level 13 in Unarmed Combat
  1174 | D        | Killed a yak
  1174 | D        | Reached *** piety under Trog
  1174 | D        | Reached XP level 8. HP: 26/40 MP: 9/9
  1296 | D        | Killed a manticore
  1296 | D        | Reached skill level 5 in Stealth
  1296 | D        | Reached skill level 14 in Unarmed Combat
  1605 | D        | Noticed a komodo dragon
  1605 | D        | Noticed a komodo dragon
  1611 | D        | Noticed a five-headed hydra
  1611 | D        | Reached skill level 15 in Unarmed Combat
  1614 | D        | Reached **** piety under Trog
  1615 | D        | Noticed a komodo dragon
  1619 | D        | Noticed a blink frog
  2135 | D        | Killed a komodo dragon
  2135 | D        | Reached XP level 9. HP: 44/44 MP: 10/10
  2140 | D        | Killed a komodo dragon
  2140 | D        | Reached skill level 16 in Unarmed Combat
  2180 | D        | Mangled by a five-headed hydra
  2181 | D        | Reached XP level 8. HP: -6/41 MP: 9/9
  2252 | D        | Found Humyecol's General Store.
  2252 | D        | Noticed an orc high priest
  2252 | D        | Noticed an orc knight
  2252 | D        | Noticed an orc high priest
  2252 | D        | Noticed an orc high priest
  2252 | D        | Noticed an orc high priest
  2255 | D        | Noticed a rust devil
  2255 | D        | Noticed an orc high priest
  2256 | D        | Noticed a hellwing
  2261 | D        | Killed an orc high priest
  2261 | D        | Reached ***** piety under Trog
  2263 | D        | Noticed a sixfirhy
  2264 | D        | Noticed an ice devil
  2265 | D        | HP: 1/41 [sixfirhy[an orc high priest] (9)]
  2621 | D        | Killed an orc high priest
  2621 | D        | Reached skill level 17 in Unarmed Combat
  2621 | D        | Reached XP level 9. HP: 45/45 MP: 10/10
  2637 | D        | Killed an orc high priest
  2703 | D        | Killed an orc high priest
  2703 | D        | Reached skill level 18 in Unarmed Combat
  2724 | D        | Killed an orc knight
  2724 | D        | Reached XP level 10. HP: 36/49 MP: 11/11
  2820 | D        | Killed an orc high priest
  2820 | D        | Reached skill level 10 in Stealth
  2827 | D        | Found Wauxi's General Store.
  2831 | D        | Noticed an orc high priest
  2831 | D        | Found Noitumi's Book Shoppe.
  2832 | D        | Noticed an orc knight
  2833 | D        | Found Usoerch's General Store.
  2836 | D        | Killed an orc high priest
  2836 | D        | Reached skill level 19 in Unarmed Combat
  2837 | D        | Noticed an orc high priest
  2840 | D        | Noticed an orc knight
  3060 | D        | Killed an orc knight
  3347 | D        | Killed an orc high priest
  3367 | D        | Noticed an orc high priest
  3368 | D        | Noticed a soul eater
  3370 | D        | Noticed a rust devil
  3538 | D        | Killed an orc knight
  3538 | D        | Reached ****** piety under Trog
  3560 | D        | Killed an orc high priest
  3560 | D        | Reached skill level 20 in Unarmed Combat
  3561 | D        | Noticed an orc high priest
  3568 | D        | Killed an orc high priest
  3568 | D        | Reached skill level 15 in Dodging
  3568 | D        | Reached XP level 11. HP: 53/53 MP: 12/12
  3576 | D        | Noticed an orc knight
  3589 | D        | Killed an orc knight
  3710 | D        | Bought a scroll of magic mapping for 35 gold pieces
  3722 | D        | Noticed an orc knight
  3994 | D        | Killed an orc knight
  4062 | D        | Reached skill level 21 in Unarmed Combat
  4155 | D        | Noticed an orc knight
  4160 | D        | Noticed an orc knight
  4196 | D        | Killed an orc knight
  4458 | D        | Killed an orc knight
  4709 | D        | Noticed Grum
  4714 | D        | Noticed Sonja
  4721 | D        | Killed Grum
  4737 | D        | Killed Sonja
  5035 | D        | Reached skill level 22 in Unarmed Combat
  5312 | D        | Killed a five-headed hydra
  5697 | D        | Noticed an ogre mage
  5697 | D        | Noticed a centaur warrior
  5701 | D        | Killed an ogre mage
  5701 | D        | Gained mutation: Your thick and shaggy fur keeps you warm. (AC +3, rC+) [Felid growth]
  5701 | D        | Reached XP level 12. HP: 57/57 MP: 13/13
  5708 | D        | Noticed a centaur warrior
  5712 | D        | Killed a centaur warrior
  5712 | D        | Reached skill level 15 in Stealth
  5713 | D        | Noticed a tengu warrior
  5948 | D        | Reached skill level 23 in Unarmed Combat
  5958 | D        | Noticed a vampire mage
  5961 | D        | Noticed a spark wasp
  5963 | D        | Killed a centaur warrior
  5999 | D        | Killed a tengu warrior
  6005 | D        | Slain by a vampire mage
  6006 | D        | Reached XP level 11. HP: 0/54 MP: 12/12
  6012 | D        | Killed a vampire mage
  6012 | D        | Slain by a spark wasp
  6013 | D        | Reached XP level 10. HP: -1/51 MP: 11/11
  6161 | D        | Killed a spark wasp
  6190 | D        | Noticed Eustachio
  6221 | D        | Noticed Frances
  6228 | D        | Killed Frances
  6228 | D        | Reached skill level 10 in Fighting
  6228 | D        | Reached XP level 11. HP: 54/54 MP: 12/12
  6266 | D        | Noticed a nagaraja
  6266 | D        | Noticed a naga warrior
  6307 | D        | Noticed a naga sharpshooter
  6309 | D        | Killed a nagaraja
  6309 | D        | Reached skill level 24 in Unarmed Combat
  6324 | D        | Killed a naga warrior
  6336 | D        | Killed a naga sharpshooter
  6405 | D        | Noticed a naga sharpshooter
  6536 | D        | Noticed a shock serpent
  6538 | D        | Shot with a bolt by a naga sharpshooter

Skill      XL: |  1  2  3  4  5  6  7  8  9 10 11 12 |
---------------+-------------------------------------+-----
Unarmed Combat | 5 6 9 10 12 13 17 18 20 24 23 | 24.2
Fighting       | 4 5 6 7 8 10 | 10.1
Dodging        | 6 8 9 10 13 14 17 16 | 17.6
Stealth        | 2 3 4 8 9 17 18 16 | 18.0

Action                   |  1- 3 |  4- 6 |  7- 9 | 10-12 || total
-------------------------+-------+-------+-------+-------++-------
Melee: Unarmed           |    34 |    19 |   106 |   271 ||   430
       Bite              |     3 |     4 |    15 |    20 ||    42
       Punch             |     3 |     2 |     8 |    28 ||    41
Invok: Brothers in Arms  |       |       |       |     2 ||     2
  Use: Potion            |     1 |     1 |     1 |     6 ||     9
       Scroll            |       |       |     1 |     1 ||     2
 Stab: Distracted        |       |       |     4 |     4 ||     8
       Sleeping          |       |       |       |    15 ||    15
  Eat: Meat ration       |       |       |     1 |     1 ||     2
       Chunk             |       |       |       |     3 ||     3
Armor: Skin              |     1 |       |     2 |     4 ||     7
Dodge: Dodged            |    25 |    22 |    79 |   191 ||   317
